 Dungeon Crawl Stone Soup version 0.30-a0-672-gc3a7216ad8 (webtiles) character file.

Game seed: 6281589784638776796

2 drugrobin the Sneak (level 1, 0/18 HPs)
             Began as a Demigod Delver on Jan 18, 2023.
             Succumbed to an orc's poison
             ... on level 4 of the Dungeon.
             The game lasted 00:02:10 (264 turns).

drugrobin the Sneak (Demigod Delver)                 Turns: 264, Time: 00:02:11

Health: 0/18       AC:  6    Str: 13    XL:     1   Next: 26%
Magic:  3/3        EV: 12    Int: 12    God:
Gold:   12         SH:  0    Dex: 15    Spells: 0/0 levels left

rFire   . . .      SeeInvis .      - Unarmed
rCold   . . .      Faith    .    (no shield)
rNeg    . . .      Spirit   .    a - +0 leather armour
rPois   .          Reflect  .    (no helmet)
rElec   .          Harm     .    (no cloak)
rCorr   .          Rampage  .    (no gloves)
Will    .....                    c - +2 pair of boots
Stlth   +++                      (no amulet)
HPRegen 0.23/turn                (no ring)
MPRegen 0.08/turn                (no ring)

@: lethally poisoned (0 -> -4), hasted, very quick
A: high MP 1, forlorn, divine attributes
a: no special abilities


You were on level 4 of the Dungeon.
You visited 1 branch of the dungeon, and saw 3 of its levels.

You collected 12 gold pieces.

Inventory:

Missiles
 d - 4 poisoned darts (quivered)
Armour
 a - a +0 leather armour (worn)
 c - a +2 pair of boots (worn)
Scrolls
 b - a scroll of fog


   Skills:
 - Level 2.7 Fighting
 - Level 1.8 Dodging
 - Level 4.5 Stealth
 + Level 1.9 Unarmed Combat


You couldn't memorise any spells.
You didn't know any spells.
Your spell library was empty.

Dungeon Overview and Level Annotations

Branches:
Dungeon (5/15)
 Temple: D:4-7

Annotations:
D:3 Terence
D:5 exclusions: orc and scorpion


Innate Abilities, Weirdness & Mutations

You have an increased reservoir of magic. (+10% MP)
You shall have no god before yourself.
Your divine heritage dramatically boosts your attributes as you level up.


Message History

You feel very sick.
There is a stone staircase leading up here.
Unknown command.
Unknown command.
You feel yourself speed up.
You feel sick. The orc hits you but does no damage.
You are lethally poisoned!
The orc wizard hits you but does no damage.
Unknown command.
Unknown command.
Press: ? - help, v - describe, . - travel
Here: an orc, wielding a +1 dagger of venom The floor.
Unknown command.
You feel sick.
Unknown command.
Unknown command.
You feel sick.
Unknown command.
Unknown command.
You feel sick.
The orc wizard points at you and mumbles some strange words.
The puff of flame hits you.
* * * LOW HITPOINT WARNING * * *
Unknown command.
Unknown command.
Unknown command.
You aren't carrying any potions.
Okay, then.
* * * LOW HITPOINT WARNING * * *
You feel sick.
Unknown command.
Unknown command.
* * * LOW HITPOINT WARNING * * *
You feel sick.
Unknown command.
* * * LOW HITPOINT WARNING * * *
You feel sick.
Unknown command.
Unknown command.
You die...

##....# ##.....#
##......#
##.......# #. #.
##........#..# #..#
#..........# #..#
#........# ###..#
##...>..#
##....#####.@....##
##......#....#..###
##..........######
#.....†....o##
.##.........o..##
................##
#............<...#
.................##
..................#


There were no monsters in sight!

Vanquished Creatures
  A ball python (D:4)
  A giant cockroach (D:4)
2 creatures vanquished.

Notes
Turn   | Place    | Note
-------+----------+-------------------------------------------
     0 | D:5      | drugrobin the Demigod Delver began the quest for the Orb.
     0 | D:5      | Reached XP level 1. HP: 18/18 MP: 3/3
     9 | D:5      | Noticed a scorpion
   105 | D:5      | Noticed a scorpion
   135 | D:5      | Noticed an orc priest
   254 | D:3      | Noticed Terence
   254 | D:3      | Noticed an orc wizard
   264 | D:4      | Succumbed to an orc's poison

Illustrated notes

Levels and vault maps discovered:
D:3:      layout_basic, lightli_temple_of_fire, uniq_grinder, uniq_terence
D:4:      layout_cave_pods, lemuel_doored_altar, okawaru_trees_1
D:5:      cheibrodos_iron_armory, layout_cave_pools,
          hangedman_abyss_or_decor_passed

Action                   || total
-------------------------++-------
Melee: Unarmed           ||    14
Evoke: Wand              ||     3
  Use: Scroll            ||     2
       Potion            ||     1
Armor: Leather armour    ||     8
Dodge: Dodged            ||    10

Table legend: (Time is in decaauts)
 A = Elapsed time spent in this place.
 B = Non-inter-level travel time spent in this place.
 C = Inter-level travel time spent in this place.
 D = Time resting spent in this place.
 E = Time spent auto-exploring this place.
 F = Levels seen in this place.
 G = Mean time per level.
                   A        B        C        D        E       F      G
               +--------+--------+--------+--------+--------+-----+--------+
         Total |    261 |    252 |      9 |     55 |      2 |   3 |   87.0 |
       Dungeon |    261 |    252 |      9 |     55 |      2 |   3 |   87.0 |
               +--------+--------+--------+--------+--------+-----+--------+

Top non-repeatable levels by time:
     D:5: 145 daAuts
     D:4: 114 daAuts
     D:3: 1 daAuts
